 Dungeon Crawl Stone Soup version 0.29-a0-653-gd47aff6735 (webtiles) character file.

Game seed: 4460857575368825006

17 xian the Skirmisher (level 2, -1/26 HPs)
             Began as a Draconian Fighter on June 22, 2022.
             Slain by a quokka (2 damage)
             ... on level 1 of the Dungeon.
             The game lasted 00:01:57 (161 turns).

xian the Skirmisher (Draconian Fighter)              Turns: 161, Time: 00:01:57

Health: -1/26      AC:  4    Str: 18    XL:     2   Next: 44%
Magic:  2/2        EV: 12    Int:  8    God:
Gold:   0          SH:  4    Dex: 10    Spells: 1/1 levels left

rFire   . . .      SeeInvis .   a - +0 long sword
rCold   . . .      Faith    .   b - +0 buckler
rNeg    . . .      Spirit   .   (body armour unavailable)
rPois   .          Reflect  .   (helmet restricted)
rElec   .          Harm     .   (no cloak)
rCorr   .          Rampage  .   (no gloves)
Will    .....                   (no boots)
Stlth   +.........              (no amulet)
HPRegen 0.08/turn               (no ring)
MPRegen 0.08/turn               (no ring)

@: mighty
A: AC +4, unfitting armour, cold-blooded
a: no special abilities


You were on level 1 of the Dungeon.
You visited 1 branch of the dungeon, and saw 1 of its levels.

Inventory:

Hand Weapons
 a - a +0 long sword (weapon)
Armour
 b - a +0 buckler (worn)
Scrolls
 d - a scroll of identify {unknown}
 f - a scroll of noise {unknown}
Potions
 e - a potion of invisibility {unknown}


   Skills:
 + Level 3.5 Fighting
 + Level 2.2 Long Blades
 + Level 3.0 Dodging
 + Level 3.2 Shields


You had one spell level left.
You didn't know any spells.
Your spell library contained the following spells:

 Spells                   Type           Power      Damage    Failure   Level
 Apportation              Tloc           0%         N/A       50%         1
 Alistair's Intoxication  Tmut/Pois      0%         N/A       100%        5


Dungeon Overview and Level Annotations

Branches:
Dungeon (1/15)

Altars:


Innate Abilities, Weirdness & Mutations

Your plain brown scales are hard. (AC +4)
You cannot fit into any form of body armour.
You are cold-blooded and may be slowed by cold attacks.


Message History

The jackal bites you but does no damage.
You miss the jackal. The jackal barely misses you.
The endoplasm jiggles.
The dart slug briefly extends its eye-stalks.
The jackal closely misses you.
You barely miss the jackal.
Your tail-slap misses the jackal.
The jackal bites you.
* * * LOW HITPOINT WARNING * * *
The jackal closely misses you.
You closely miss the jackal. The jackal bites you.
* * * LOW HITPOINT WARNING * * *
You block the jackal's attack.
You hit the jackal.
The jackal is severely wounded.
You block the jackal's attack. The jackal barely misses you.
You closely miss the jackal.
The jackal is severely wounded.
You block the jackal's attack. The jackal barely misses you.
You feel very mighty all of a sudden. The jackal bites you.
* * * LOW HITPOINT WARNING * * *
You slash the jackal!
You kill the jackal!
The quokka twitches its whiskers.
The giant cockroach bites you.
* * * LOW HITPOINT WARNING * * *
You closely miss the giant cockroach.
The giant cockroach bites you but does no damage.
The dart slug briefly extends its eye-stalks.
You slash the giant cockroach!
You kill the giant cockroach!
The giant cockroach misses you.
You slash the giant cockroach!
You kill the giant cockroach!
You block the quokka's attack.
Your Dodging skill increases to level 3!
You miss the quokka. The quokka bites you.
* * * LOW HITPOINT WARNING * * *
The quokka bites you.
You die...

## .......##.
.......#..#####...
.....................
..........# #@# ....
.....>....# #r# #........###
..........# #J####........##.
...#......###Bw...........##.#
#..$.###.B†lg.###......... ..
#....Bl.##...##........###.
....#..#.....#...............
........###[....######...#....
........# ###...### #....##.


You could see a dart slug, an endoplasm, a quokka, a giant cockroach, a
hobgoblin and a frilled lizard.

Vanquished Creatures
  A bat (D:1)
  2 giant cockroaches (D:1)
  A goblin (D:1)
  2 hobgoblins (D:1)
  3 jackals (D:1)
  A kobold (D:1)
  A ball python (D:1)
  A frilled lizard (D:1)
  3 rats (D:1)
15 creatures vanquished.

Notes
Turn   | Place    | Note
-------+----------+-------------------------------------------
     0 | D:1      | xian the Draconian Fighter began the quest for the Orb.
     0 | D:1      | Reached XP level 1. HP: 19/19 MP: 1/1
   132 | D:1      | Reached XP level 2. HP: 17/26 MP: 2/2
   161 | D:1      | HP: 1/26 [quokka (4)]
   161 | D:1      | Slain by a quokka

Illustrated notes

Levels and vault maps discovered:
D:1:      amcnicky_arrival_abandoned_market, layout_rooms, serial_shops,
          nicolae_shop_behind_doors, amcnicky_mini_pool_small

Skill      XL: |  1  2 |
---------------+-------+-----
Dodging        | 3 |  3.0
Fighting       | |  3.5
Long Blades    | |  2.2
Shields        | |  3.2

Action                   || total
-------------------------++-------
Melee: Long sword        ||    50
       Tailslap          ||     2
  Use: Potion            ||     1
Armor: Skin              ||    14
Dodge: Dodged            ||    51
Block: Buckler           ||    14

Table legend: (Time is in decaauts)
 A = Elapsed time spent in this place.
 B = Non-inter-level travel time spent in this place.
 C = Inter-level travel time spent in this place.
 D = Time resting spent in this place.
 E = Time spent auto-exploring this place.
 F = Levels seen in this place.
 G = Mean time per level.
                   A        B        C        D        E       F      G
               +--------+--------+--------+--------+--------+-----+--------+
         Total |    179 |    179 |      0 |      0 |     21 |   1 |  179.0 |
       Dungeon |    179 |    179 |      0 |      0 |     21 |   1 |  179.0 |
               +--------+--------+--------+--------+--------+-----+--------+

Top non-repeatable levels by time:
     D:1: 179 daAuts
